TOP OF THE 1ST |
Chicago Gold Sox batting - Pitching for Philadephia 1776 BC : LHP Walt Johnston
|
Pitching: LHP Walt Johnston
|
|
Batting: RHB John Farrell
|
0-0: Called Strike 0-1: Foul Ball, location: 2F 0-2: Ball 1-2: Ball 2-2: Strikes out swinging
|
Batting: RHB Juan Orozco
|
0-0: SINGLE (Line Drive, 6MD)
|
Batting: RHB Craig Stewart
|
0-0: Swinging Strike 0-1: Ball 1-1: Foul Ball, location: 2F 1-2: Foul Ball, location: 2F 1-2: Ground out 5-3 (Groundball, 56S) Juan Orozco to second
|
Batting: LHB Noel Ballard
|
0-0: Swinging Strike 0-1: Called Strike 0-2: Ball 1-2: Ball 2-2: Strikes out looking
|
Top of the 1st over - 0 run(s), 1 hit(s), 0 error(s), 1 left on base; Chicago 0 - Philadephia 1776 0 |
BOTTOM OF THE 1ST |
Philadephia 1776 BC batting - Pitching for Chicago Gold Sox : RHP Devin Hinton
|
Pitching: RHP Devin Hinton
|
|
Batting: LHB Manuel García
|
0-0: Called Strike 0-1: Foul Ball, location: 2F 0-2: Foul Ball, location: 2F 0-2: Fly out, F6 (Popup, 6D)
|
Batting: RHB Iván Pérez
|
0-0: Called Strike 0-1: Swinging Strike 0-2: Ball 1-2: Ball 2-2: Strikes out swinging
|
Batting: LHB Chris Nelson
|
0-0: Called Strike 0-1: Ball 1-1: Ball 2-1: Swinging Strike 2-2: Strikes out swinging
|
Bottom of the 1st over - 0 run(s), 0 hit(s), 0 error(s), 0 left on base; Chicago 0 - Philadephia 1776 0 |
TOP OF THE 2ND |
Chicago Gold Sox batting - Pitching for Philadephia 1776 BC : LHP Walt Johnston
|
Batting: RHB Mike Brown
|
0-0: Reached on error, E6 (Groundball, 6)
|
Batting: RHB Carlos Vera
|
0-0: Foul Ball, location: 2F 0-1: Ball 1-1: Ground out 4-3 (Groundball, 4S) Mike Brown to second
|
Batting: LHB Cristo Ramírez
|
0-0: Ball Mike Brown is caught stealing 3rd base 1-0: DOUBLE (Groundball, 5L)
|
Batting: RHB Kyle Myers
|
0-0: Ball 1-0: Called Strike 1-1: Fly out, F8 (Flyball, 8LXD)
|
Top of the 2nd over - 0 run(s), 1 hit(s), 1 error(s), 1 left on base; Chicago 0 - Philadephia 1776 0 |
BOTTOM OF THE 2ND |
Philadephia 1776 BC batting - Pitching for Chicago Gold Sox : RHP Devin Hinton
|
Batting: RHB Carl Good
|
0-0: Called Strike 0-1: Ball 1-1: Called Strike 1-2: Strikes out swinging
|
Batting: RHB Yuji Ine
|
0-0: Ball 1-0: Foul Ball, location: 2F 1-1: Ball 2-1: Swinging Strike 2-2: Ground out 5-3 (Groundball, 5S)
|
Batting: RHB Lúcio Montoya
|
0-0: Ball 1-0: Ground out 5-3 (Groundball, 5)
|
Bottom of the 2nd over - 0 run(s), 0 hit(s), 0 error(s), 0 left on base; Chicago 0 - Philadephia 1776 0 |
TOP OF THE 3RD |
Chicago Gold Sox batting - Pitching for Philadephia 1776 BC : LHP Walt Johnston
|
Batting: RHB Devin Hinton
|
0-0: Ball 1-0: Ball 2-0: Called Strike 2-1: Foul Ball, location: 2F 2-2: Foul Ball, location: 2F 2-2: Ball 3-2: Foul Ball, location: 2F 3-2: Foul Ball, location: 2F 3-2: Base on Balls
|
Batting: RHB John Farrell
|
0-0: Called Strike 0-1: SINGLE (Groundball, 56) Devin Hinton to second
|
Batting: RHB Juan Orozco
|
0-0: Grounds into double play, U4-3 (Groundball, 4) Devin Hinton to third
|
Batting: RHB Craig Stewart
|
0-0: Called Strike 0-1: Foul Ball, location: 2F 0-2: Ball 1-2: Ball 2-2: Ball 3-2: Foul Ball, location: 2F 3-2: Base on Balls
|
Batting: LHB Noel Ballard
|
0-0: Called Strike 0-1: Ball 1-1: SINGLE (Flyball, 7S) Devin Hinton scores Craig Stewart to second
|
Batting: RHB Mike Brown
|
0-0: Ball 1-0: Called Strike 1-1: 3-RUN HOME RUN (Flyball, 78XD), Distance : 415 ft
|
Batting: RHB Carlos Vera
|
0-0: Foul Ball, location: 2F 0-1: Ball 1-1: Fly out, F7 (Flyball, 78D)
|
Top of the 3rd over - 4 run(s), 3 hit(s), 0 error(s), 0 left on base; Chicago 4 - Philadephia 1776 0 |
BOTTOM OF THE 3RD |
Philadephia 1776 BC batting - Pitching for Chicago Gold Sox : RHP Devin Hinton
|
Batting: RHB Brian O'Brian
|
0-0: Ball 1-0: Foul Ball, location: 2F 1-1: Ball 2-1: Foul Ball, location: 2F 2-2: Ground out 4-3 (Groundball, 4)
|
Batting: RHB Soseki Matsunaga
|
0-0: Called Strike 0-1: Bunt for hit - play at first, batter OUT! 1-3
|
Batting: LHB Walt Johnston
|
0-0: Ball 1-0: Ball 2-0: Ball 3-0: Called Strike 3-1: Ground out U3 (Groundball, 3L)
|
Bottom of the 3rd over - 0 run(s), 0 hit(s), 0 error(s), 0 left on base; Chicago 4 - Philadephia 1776 0 |
TOP OF THE 4TH |
Chicago Gold Sox batting - Pitching for Philadephia 1776 BC : LHP Walt Johnston
|
Batting: LHB Cristo Ramírez
|
0-0: Ball 1-0: Fly out, F3 (Popup, 3F)
|
Batting: RHB Kyle Myers
|
0-0: Ground out 4-3 (Groundball, 4)
|
Batting: RHB Devin Hinton
|
0-0: Ball 1-0: Ground out 4-3 (Groundball, 4)
|
Top of the 4th over - 0 run(s), 0 hit(s), 0 error(s), 0 left on base; Chicago 4 - Philadephia 1776 0 |
BOTTOM OF THE 4TH |
Philadephia 1776 BC batting - Pitching for Chicago Gold Sox : RHP Devin Hinton
|
Batting: LHB Manuel García
|
0-0: Ball 1-0: Swinging Strike 1-1: Swinging Strike 1-2: Strikes out swinging
|
Batting: RHB Iván Pérez
|
0-0: Ball 1-0: Ball 2-0: Foul Ball, location: 2F 2-1: Ball 3-1: SOLO HOME RUN (Flyball, 7D), Distance : 379 ft
|
Batting: LHB Chris Nelson
|
0-0: Foul Ball, location: 2F 0-1: Called Strike 0-2: Ball 1-2: Foul Ball, location: 2F 1-2: Foul Ball, location: 2F 1-2: Strikes out swinging
|
Batting: RHB Carl Good
|
0-0: Ball 1-0: Called Strike 1-1: Ground out 6-3 (Groundball, 6M)
|
Bottom of the 4th over - 1 run(s), 1 hit(s), 0 error(s), 0 left on base; Chicago 4 - Philadephia 1776 1 |
TOP OF THE 5TH |
Chicago Gold Sox batting - Pitching for Philadephia 1776 BC : LHP Walt Johnston
|
Batting: RHB John Farrell
|
0-0: Ball 1-0: Ball 2-0: Called Strike 2-1: Called Strike 2-2: Fly out, F8 (Flyball, 8LM)
|
Batting: RHB Juan Orozco
|
0-0: Ball 1-0: Ball 2-0: Fly out, F8 (Flyball, 8LM)
|
Batting: RHB Craig Stewart
|
0-0: Called Strike 0-1: Swinging Strike 0-2: Ball 1-2: Ball 2-2: SINGLE (Groundball, 34D)
|
Batting: LHB Noel Ballard
|
0-0: Ball 1-0: Foul Ball, location: 2F 1-1: Foul Ball, location: 2F 1-2: Ground out 6-3 (Groundball, 6)
|
Top of the 5th over - 0 run(s), 1 hit(s), 0 error(s), 1 left on base; Chicago 4 - Philadephia 1776 1 |
BOTTOM OF THE 5TH |
Philadephia 1776 BC batting - Pitching for Chicago Gold Sox : RHP Devin Hinton
|
Batting: RHB Yuji Ine
|
0-0: Foul Ball, location: 2F 0-1: Ball 1-1: Ball 2-1: Ground out 6-3 (Groundball, 6)
|
Batting: RHB Lúcio Montoya
|
0-0: Ball 1-0: Foul Ball, location: 2F 1-1: Ground out 5-3 (Groundball, 6S)
|
Batting: RHB Brian O'Brian
|
0-0: Called Strike 0-1: Ball 1-1: Called Strike 1-2: Ball 2-2: Ball 3-2: Foul Ball, location: 2F 3-2: SINGLE (Line Drive, 5D)
|
Batting: RHB Soseki Matsunaga
|
0-0: Called Strike 0-1: Swinging Strike 0-2: Strikes out swinging
|
Bottom of the 5th over - 0 run(s), 1 hit(s), 0 error(s), 1 left on base; Chicago 4 - Philadephia 1776 1 |
TOP OF THE 6TH |
Chicago Gold Sox batting - Pitching for Philadephia 1776 BC : LHP Walt Johnston
|
Batting: RHB Mike Brown
|
0-0: Ball 1-0: Foul Ball, location: 2F 1-1: Called Strike 1-2: Strikes out swinging
|
Batting: RHB Carlos Vera
|
0-0: Called Strike 0-1: Foul Ball, location: 2F 0-2: Foul Ball, location: 2F 0-2: Ball 1-2: Foul Ball, location: 2F 1-2: Fly out, F9 (Flyball, 9LD)
|
Batting: LHB Cristo Ramírez
|
0-0: Ball 1-0: Called Strike 1-1: Ball 2-1: Ball 3-1: Fly out, F7 (Flyball, 7D)
|
Top of the 6th over - 0 run(s), 0 hit(s), 0 error(s), 0 left on base; Chicago 4 - Philadephia 1776 1 |
BOTTOM OF THE 6TH |
Philadephia 1776 BC batting - Pitching for Chicago Gold Sox : RHP Devin Hinton
|
Batting: LHB Walt Johnston
|
0-0: Called Strike 0-1: Foul Ball, location: 2F 0-2: Ball 1-2: Ground out 4-3 (Groundball, 4)
|
Batting: LHB Manuel García
|
0-0: Called Strike 0-1: Ball 1-1: Foul Ball, location: 2F 1-2: SINGLE (Groundball, 5S) (infield hit)
|
Batting: RHB Iván Pérez
|
0-0: Called Strike Manuel García steals 2nd base 0-1: Ball Manuel García is caught stealing 3rd base 1-1: SINGLE (Line Drive, 56D)
|
Batting: LHB Chris Nelson
|
0-0: Called Strike 0-1: Ball 1-1: Called Strike 1-2: Ball 2-2: Ground out 6-3 (Groundball, 6)
|
Bottom of the 6th over - 0 run(s), 2 hit(s), 0 error(s), 1 left on base; Chicago 4 - Philadephia 1776 1 |
TOP OF THE 7TH |
Chicago Gold Sox batting - Pitching for Philadephia 1776 BC : LHP Walt Johnston
|
Batting: RHB Kyle Myers
|
0-0: Ball 1-0: Fly out, F9 (Flyball, 89S)
|
Batting: RHB Devin Hinton
|
0-0: Ball 1-0: Foul Ball, location: 2F 1-1: Called Strike 1-2: Strikes out swinging
|
Batting: RHB John Farrell
|
0-0: Called Strike 0-1: Swinging Strike 0-2: Ball 1-2: Foul Ball, location: 2F 1-2: Foul Ball, location: 2F 1-2: Ball 2-2: Foul Ball, location: 2F 2-2: Foul Ball, location: 2F 2-2: Foul Ball, location: 2F 2-2: Fly out, F8 (Flyball, 8LXD)
|
Top of the 7th over - 0 run(s), 0 hit(s), 0 error(s), 0 left on base; Chicago 4 - Philadephia 1776 1 |
BOTTOM OF THE 7TH |
Philadephia 1776 BC batting - Pitching for Chicago Gold Sox : RHP Devin Hinton
|
Batting: RHB Carl Good
|
0-0: Called Strike 0-1: SINGLE (Groundball, 6MD)
|
Batting: RHB Yuji Ine
|
0-0: Ball 1-0: Foul Ball, location: 2F 1-1: Called Strike 1-2: Ball 2-2: Strikes out looking
|
Batting: RHB Lúcio Montoya
|
0-0: Ball 1-0: Called Strike Carl Good is caught stealing 2nd base 1-1: Ball 2-1: Ball 3-1: Foul Ball, location: 2F 3-2: Fly out, F6 (Line Drive, 6M)
|
Bottom of the 7th over - 0 run(s), 1 hit(s), 0 error(s), 0 left on base; Chicago 4 - Philadephia 1776 1 |
TOP OF THE 8TH |
Chicago Gold Sox batting - Pitching for Philadephia 1776 BC : LHP Walt Johnston
|
Batting: RHB Juan Orozco
|
0-0: Fly out, F8 (Flyball, 78M)
|
Batting: RHB Craig Stewart
|
0-0: Foul Ball, location: 2F 0-1: Fly out, F9 (Flyball, 9S)
|
Batting: LHB Noel Ballard
|
0-0: Called Strike 0-1: Ball 1-1: Ball 2-1: Foul Ball, location: 2F 2-2: SINGLE (Groundball, 6MD)
|
Batting: RHB Mike Brown
|
0-0: Ball Noel Ballard is caught stealing 2nd base
|
Top of the 8th over - 0 run(s), 1 hit(s), 0 error(s), 0 left on base; Chicago 4 - Philadephia 1776 1 |
BOTTOM OF THE 8TH |
Philadephia 1776 BC batting - Pitching for Chicago Gold Sox : RHP Devin Hinton
|
Pitching: RHP Gene Kirkland
|
|
Batting: RHB Brian O'Brian
|
0-0: Ball 1-0: Ball 2-0: SINGLE (Groundball, 56D)
|
Batting: RHB Soseki Matsunaga
|
0-0: Foul Ball, location: 2F 0-1: Ball 1-1: Grounds into double play, 6-4-3 (Groundball, 6)
|
Pinch Hitting: LHB Matt Mitchell
|
0-0: Ball 1-0: Called Strike 1-1: Ball 2-1: Foul Ball, location: 2F 2-2: Ball 3-2: Base on Balls
|
Batting: LHB Manuel García
|
0-0: Ball 1-0: Called Strike 1-1: Ball 2-1: Ball 3-1: Ground out 4-3 (Groundball, 13)
|
Bottom of the 8th over - 0 run(s), 1 hit(s), 0 error(s), 1 left on base; Chicago 4 - Philadephia 1776 1 |
TOP OF THE 9TH |
Chicago Gold Sox batting - Pitching for Philadephia 1776 BC : LHP Walt Johnston
|
Pitching: LHP Brian O'Cullinan
|
|
Batting: RHB Mike Brown
|
0-0: Called Strike 0-1: Foul Ball, location: 2F 0-2: Ball 1-2: Strikes out looking
|
Batting: RHB Carlos Vera
|
0-0: Ground out 5-3 (Groundball, 15S)
|
Batting: LHB Cristo Ramírez
|
0-0: Called Strike 0-1: SINGLE (Line Drive, 6)
|
Batting: RHB Kyle Myers
|
0-0: Called Strike Cristo Ramírez steals 2nd base 0-1: Ball 1-1: SINGLE (Groundball, 13S) (infield hit) Cristo Ramírez to third
|
Pinch Hitting: RHB Wayne Bannatyne
|
0-0: Ball 1-0: Called Strike 1-1: Swinging Strike 1-2: Ball 2-2: Foul Ball, location: 2F 2-2: Strikes out swinging
|
Top of the 9th over - 0 run(s), 2 hit(s), 0 error(s), 2 left on base; Chicago 4 - Philadephia 1776 1 |
BOTTOM OF THE 9TH |
Philadephia 1776 BC batting - Pitching for Chicago Gold Sox : RHP Gene Kirkland
|
Pitching: RHP Lorenzo Marín
|
|
Batting: RHB Iván Pérez
|
0-0: Called Strike 0-1: Ball 1-1: Ball 2-1: SOLO HOME RUN (Flyball, 7D), Distance : 379 ft
|
Batting: LHB Chris Nelson
|
0-0: Called Strike 0-1: Swinging Strike 0-2: Foul Ball, location: 2F 0-2: Ground out 4-3 (Groundball, 4)
|
Batting: RHB Carl Good
|
0-0: Called Strike 0-1: Called Strike 0-2: Ball 1-2: Strikes out looking
|
Batting: RHB Yuji Ine
|
0-0: Fly out, F7 (Line Drive, 78M)
|
Bottom of the 9th over - 1 run(s), 1 hit(s), 0 error(s), 0 left on base; Chicago 4 - Philadephia 1776 2 |
|